ESL (28 & UNDER)
WILMINGTON REBELS @ NEWARK BULLDOGS
09/04/2028
 
TOP OF THE 1ST
Wilmington Rebels batting - Pitching for Newark Bulldogs : RHP Ben Larsen
Pitching: RHP Ben Larsen
Batting: RHB Marlon Hernández 0-0: Ball
1-0: Ball
2-0: Foul Ball, location: 2F
2-1: Ball
3-1: SINGLE (Groundball, 56D)
Batting: LHB Seth Sullivan 0-0: Ball
1-0: Ball
2-0: Foul Ball, location: 2F
2-1: Ball
3-1: Base on Balls
Marlon Hernández to second
Batting: RHB Remi Eruzione 0-0: SINGLE (Flyball, 9LM)
Marlon Hernández to third
Seth Sullivan to second
Batting: LHB Juan Vásquez 0-0: Foul Ball, location: 2F
0-1: Fly out, F9 (Flyball, 9S)
Batting: RHB Sergio Moreno 0-0: Swinging Strike
0-1: Ball
1-1: Called Strike
1-2: Grounds into double play, 6-4-3 (Groundball, 6M)
Top of the 1st over - 0 run(s), 2 hit(s), 0 error(s), 2 left on base; Wilmington 0 - Newark 0
BOTTOM OF THE 1ST
Newark Bulldogs batting - Pitching for Wilmington Rebels : RHP Esteban Ramírez
Pitching: RHP Esteban Ramírez
Batting: RHB Wilson Flores 0-0: Ball
1-0: Called Strike
1-1: Ball
2-1: Swinging Strike
2-2: Foul Ball, location: 2F
2-2: Strikes out swinging
Batting: LHB Ángel Tuzzi 0-0: Called Strike
0-1: Swinging Strike
0-2: SOLO HOME RUN (Flyball, 9LD), Distance : 365 ft
Batting: LHB Marvin Morris 0-0: Ball
1-0: Fly out, F4 (Flyball, 4MD)
Batting: RHB Roger Rush 0-0: Ball
1-0: Called Strike
1-1: Fly out, F9 (Flyball, 9S)
Bottom of the 1st over - 1 run(s), 1 hit(s), 0 error(s), 0 left on base; Wilmington 0 - Newark 1
TOP OF THE 2ND
Wilmington Rebels batting - Pitching for Newark Bulldogs : RHP Ben Larsen
Batting: LHB Miguel Medellín 0-0: Ball
1-0: Foul Ball, location: 2F
1-1: Ball
2-1: Swinging Strike
2-2: Fly out, F7 (Flyball, 7S)
Batting: LHB Pedro Medine 0-0: Called Strike
0-1: Foul Ball, location: 2F
0-2: Ball
1-2: Ball
2-2: Foul Ball, location: 2F
2-2: Foul Ball, location: 2F
2-2: Foul Ball, location: 2F
2-2: Ball
3-2: Foul Ball, location: 2F
3-2: Base on Balls
Batting: RHB Anastasio Movonda 0-0: Ball
1-0: Ball
2-0: Called Strike
2-1: Ball
3-1: Foul Ball, location: 2F
3-2: SINGLE (Line Drive, 89M)
Pedro Medine to second
Pedro Medine to third
Batting: RHB Alex Whitehead 0-0: Ball
1-0: Called Strike
1-1: Swinging Strike
1-2: Grounds into double play, 6-4-3 (Groundball, 56)
Top of the 2nd over - 0 run(s), 1 hit(s), 0 error(s), 1 left on base; Wilmington 0 - Newark 1
BOTTOM OF THE 2ND
Newark Bulldogs batting - Pitching for Wilmington Rebels : RHP Esteban Ramírez
Batting: LHB Wes Thompson 0-0: Ball
1-0: Called Strike
1-1: Called Strike
1-2: Ball
2-2: Ball
3-2: Ground out 6-3 (Groundball, 6)
Batting: RHB Emílio Salas 0-0: Ball
1-0: Ball
2-0: Foul Ball, location: 2F
2-1: Foul Ball, location: 2F
2-2: Ball
3-2: Foul Ball, location: 2F
3-2: Base on Balls
Batting: RHB Norris Howard 0-0: Called Strike
Emílio Salas steals 2nd base
0-1: SINGLE (Line Drive, 4D)
Emílio Salas to third
Batting: RHB Joe Baker 0-0: Ball
1-0: Fly out, F9 (Flyball, 9LMF)
Runner from 3rd tags up, SCORES, no throw
Batting: LHB Paco Córdova 0-0: Ball
1-0: Called Strike
1-1: Foul Ball, location: 2F
1-2: Ball
2-2: Fielders Choice at 2nd, 4-6 (Groundball, 4)
Bottom of the 2nd over - 1 run(s), 1 hit(s), 0 error(s), 0 left on base; Wilmington 0 - Newark 2
TOP OF THE 3RD
Wilmington Rebels batting - Pitching for Newark Bulldogs : RHP Ben Larsen
Batting: RHB Marlon Hernández 0-0: Ball
1-0: Fly out, F8 (Flyball, 8LM)
Batting: LHB Seth Sullivan 0-0: Foul Ball, location: 2F
0-1: SINGLE (Groundball, 4MD)
Batting: RHB Remi Eruzione 0-0: Called Strike
0-1: Fly out, F8 (Flyball, 8RM)
Batting: LHB Juan Vásquez 0-0: Ball
Seth Sullivan steals 2nd base
1-0: Foul Ball, location: 2F
1-1: Foul Ball, location: 2F
1-2: Foul Ball, location: 2F
1-2: TRIPLE (Flyball, 89D)
Seth Sullivan scores
Batting: RHB Sergio Moreno 0-0: Called Strike
0-1: Foul Ball, location: 2F
0-2: Foul Ball, location: 2F
0-2: Ground out 5-3 (Groundball, 25)
Top of the 3rd over - 1 run(s), 2 hit(s), 0 error(s), 1 left on base; Wilmington 1 - Newark 2
BOTTOM OF THE 3RD
Newark Bulldogs batting - Pitching for Wilmington Rebels : RHP Esteban Ramírez
Batting: RHB Wilson Flores 0-0: Ball
1-0: Called Strike
1-1: Called Strike
1-2: SINGLE (Groundball, 6MD)
Batting: LHB Ángel Tuzzi 0-0: Ball
1-0: Ball
2-0: SINGLE (Groundball, 34D)
Wilson Flores to second
Throwing error, E9
Wilson Flores scores
Ángel Tuzzi to second
Batting: LHB Marvin Morris 0-0: Ball
Ángel Tuzzi is caught stealing 3rd base
1-0: Ball
2-0: Ball
3-0: Called Strike
3-1: SOLO HOME RUN (Flyball, 89XD), Distance : 389 ft
Batting: RHB Roger Rush 0-0: SINGLE (Groundball, 25) (infield hit)
Batting: LHB Wes Thompson 0-0: Foul Ball, location: 2F
0-1: Ball
Roger Rush steals 2nd base
1-1: SINGLE (Line Drive, 7S)
Roger Rush to third
Runner from 3rd tries for Home, SAFE, no throw
Batting: RHB Emílio Salas 0-0: Called Strike
0-1: Ball
1-1: Swinging Strike
1-2: Ball
2-2: Ball
3-2: Reached on error, E8 (Flyball, 8RS)
Wes Thompson to second
Batting: RHB Norris Howard 0-0: Foul Ball, location: 2F
0-1: Ball
1-1: Fly out, F9 (Flyball, 9D)
Runner from 2nd tags up, SAFE at 3rd with throw
Batting: RHB Joe Baker 0-0: Called Strike
0-1: Foul Ball, location: 2F
0-2: Ball
1-2: Ball
2-2: Ball
3-2: Base on Balls
Emílio Salas to second
Batting: LHB Paco Córdova 0-0: Ball
1-0: Called Strike
1-1: SINGLE (Groundball, 4MD)
Wes Thompson scores
Emílio Salas to third
Joe Baker to second
Runner from 3rd tries for Home, SAFE, no throw
Pitching: RHP Alan O'Higgins
Batting: RHB Wilson Flores 0-0: Called Strike
0-1: Ground out 3-1 (Groundball, 34)
Bottom of the 3rd over - 5 run(s), 6 hit(s), 2 error(s), 2 left on base; Wilmington 1 - Newark 7
TOP OF THE 4TH
Wilmington Rebels batting - Pitching for Newark Bulldogs : RHP Ben Larsen
Batting: LHB Miguel Medellín 0-0: Called Strike
0-1: Ball
1-1: Ground out 4-3 (Groundball, 4)
Batting: LHB Pedro Medine 0-0: Swinging Strike
0-1: Foul Ball, location: 2F
0-2: Ball
1-2: Strikes out swinging
Batting: RHB Anastasio Movonda 0-0: Ball
1-0: Ball
2-0: Ball
3-0: Base on Balls
Batting: RHB Alex Whitehead 0-0: Foul Ball, location: 2F
0-1: Called Strike
0-2: Foul Ball, location: 2F
0-2: Ball
1-2: Ball
2-2: Fly out, F7 (Flyball, 7)
Top of the 4th over - 0 run(s), 0 hit(s), 0 error(s), 1 left on base; Wilmington 1 - Newark 7
BOTTOM OF THE 4TH
Newark Bulldogs batting - Pitching for Wilmington Rebels : RHP Alan O'Higgins
Batting: LHB Ángel Tuzzi 0-0: Foul Ball, location: 2F
0-1: Ball
1-1: Ball
2-1: Foul Ball, location: 2F
2-2: Ball
3-2: Base on Balls
Pitching: RHP Manuel Silva
Batting: LHB Marvin Morris 0-0: Ball
1-0: Ball
2-0: Ball
3-0: Called Strike
3-1: Swinging Strike
3-2: Base on Balls
Ángel Tuzzi to second
Batting: RHB Roger Rush 0-0: Ball
1-0: Called Strike
1-1: Ball
2-1: Foul Ball, location: 2F
2-2: Strikes out swinging
Batting: LHB Wes Thompson 0-0: Ball
1-0: Called Strike
1-1: Ball
2-1: Called Strike
2-2: Ball
3-2: Base on Balls
Ángel Tuzzi to third
Marvin Morris to second
Batting: RHB Emílio Salas 0-0: Called Strike
0-1: Ball
1-1: Foul Ball, location: 2F
1-2: Ball
2-2: Reached via error on a dropped throw, E4
Ángel Tuzzi scores
Marvin Morris to third
Wes Thompson to second
Batting: RHB Norris Howard 0-0: Ball
1-0: Ball
2-0: Swinging Strike
2-1: Grounds into fielders choice 1-2 (Groundball, 15S)
Wes Thompson to third
Emílio Salas to second
Batting: RHB Joe Baker 0-0: Fly out, F9 (Flyball, 9S)
Bottom of the 4th over - 1 run(s), 0 hit(s), 1 error(s), 3 left on base; Wilmington 1 - Newark 8
TOP OF THE 5TH
Wilmington Rebels batting - Pitching for Newark Bulldogs : RHP Ben Larsen
Batting: RHB Marlon Hernández 0-0: Ball
1-0: Foul Ball, location: 2F
1-1: Called Strike
1-2: DOUBLE (Line Drive, 7LM)
Batting: LHB Seth Sullivan 0-0: Ball
1-0: Ball
2-0: Called Strike
2-1: Foul Ball, location: 2F
2-2: Foul Ball, location: 2F
2-2: Hit by Pitch
Batting: RHB Remi Eruzione 0-0: Ball
1-0: Fielders Choice at 2nd, 4-6 (Groundball, 4M)
Marlon Hernández to third
Batting: LHB Juan Vásquez 0-0: Ball
1-0: Called Strike
1-1: Fly out, F3 (Line Drive, 4)
Batting: RHB Sergio Moreno 0-0: Ball
1-0: Ball
2-0: Foul Ball, location: 2F
2-1: Ball
3-1: Called Strike
3-2: Foul Ball, location: 2F
3-2: Base on Balls
Remi Eruzione to second
Pitching: LHP Josh Wall
Batting: LHB Miguel Medellín 0-0: Ball
1-0: Ball
2-0: Ball
3-0: Called Strike
3-1: Foul Ball, location: 2F
3-2: Foul Ball, location: 2F
3-2: Fly out, F9 (Flyball, 89D)
Top of the 5th over - 0 run(s), 1 hit(s), 0 error(s), 3 left on base; Wilmington 1 - Newark 8
BOTTOM OF THE 5TH
Newark Bulldogs batting - Pitching for Wilmington Rebels : RHP Manuel Silva
Batting: LHB Paco Córdova 0-0: DOUBLE (Flyball, 78XD)
Batting: RHB Wilson Flores 0-0: Ball
1-0: Called Strike
1-1: Foul Ball, location: 2F
1-2: Foul Ball, location: 2F
1-2: Ground out 6-3 (Groundball, 6D)
Batting: LHB Ángel Tuzzi 0-0: Called Strike
0-1: Ball
1-1: Ball
2-1: Fly out, F8 (Flyball, 8LD)
Runner from 2nd tags up, SAFE at 3rd, no throw
Batting: LHB Marvin Morris 0-0: Ball
1-0: Swinging Strike
1-1: Ball
2-1: Ball
3-1: Base on Balls
Batting: RHB Roger Rush 0-0: Foul Ball, location: 2F
0-1: Ball
1-1: Ball
2-1: Swinging Strike
2-2: Fly out, F6 (Popup, 5D)
Bottom of the 5th over - 0 run(s), 1 hit(s), 0 error(s), 2 left on base; Wilmington 1 - Newark 8
TOP OF THE 6TH
Wilmington Rebels batting - Pitching for Newark Bulldogs : LHP Josh Wall
Batting: LHB Pedro Medine 0-0: Called Strike
0-1: Ball
1-1: Swinging Strike
1-2: Foul Ball, location: 2F
1-2: Ball
2-2: Strikes out swinging
Batting: RHB Anastasio Movonda 0-0: Called Strike
0-1: Ball
1-1: Foul Ball, location: 2F
1-2: Strikes out swinging
Batting: RHB Alex Whitehead 0-0: Foul Ball, location: 2F
0-1: Called Strike
0-2: Ball
1-2: Ground out 6-3 (Groundball, 6S)
Top of the 6th over - 0 run(s), 0 hit(s), 0 error(s), 0 left on base; Wilmington 1 - Newark 8
BOTTOM OF THE 6TH
Newark Bulldogs batting - Pitching for Wilmington Rebels : RHP Manuel Silva
Batting: LHB Wes Thompson 0-0: Called Strike
0-1: Foul Ball, location: 2F
0-2: Ground out U3 (Groundball, 3)
Batting: RHB Emílio Salas 0-0: Called Strike
0-1: Ball
1-1: Ball
2-1: SINGLE (Flyball, 89S)
Batting: RHB Norris Howard 0-0: Ball
1-0: Called Strike
1-1: Called Strike
1-2: Ball
2-2: Ball
3-2: Base on Balls
Emílio Salas to second
Batting: RHB Joe Baker 0-0: Ball
Emílio Salas steals 3rd base
Norris Howard to second
1-0: Called Strike
1-1: 3-RUN HOME RUN (Flyball, 7LD), Distance : 315 ft
Pitching: RHP Ramón Alaniz
Batting: LHB Paco Córdova 0-0: Called Strike
0-1: Ball
1-1: Called Strike
1-2: Foul Ball, location: 2F
1-2: Ball
2-2: Foul Ball, location: 2F
2-2: Ball
3-2: Ground out 6-3 (Groundball, 6MS)
Batting: RHB Wilson Flores 0-0: Ball
1-0: Swinging Strike
1-1: Ball
2-1: Ball
3-1: Foul Ball, location: 2F
3-2: Base on Balls
Pinch Hitting: LHB Gabriel MacNeill 0-0: Called Strike
Wilson Flores steals 2nd base
0-1: Ball
1-1: Ball
2-1: Ball
3-1: SINGLE (Flyball, 9S)
Wilson Flores to third
Runner from 3rd tries for Home, SAFE, no throw
Batting: LHB Marvin Morris 0-0: Ball
1-0: Ball
2-0: Called Strike
2-1: Ball
3-1: Foul Ball, location: 2F
3-2: Base on Balls
Gabriel MacNeill to second
Batting: RHB Roger Rush 0-0: Called Strike
0-1: Ground out 6-3 (Groundball, 6M)
Bottom of the 6th over - 4 run(s), 3 hit(s), 0 error(s), 2 left on base; Wilmington 1 - Newark 12
TOP OF THE 7TH
Wilmington Rebels batting - Pitching for Newark Bulldogs : LHP Josh Wall
Now in CF: Perry Henry
Batting: RHB Marlon Hernández 0-0: Called Strike
0-1: Ball
1-1: Foul Ball, location: 2F
1-2: DOUBLE (Line Drive, 89D)
Batting: LHB Seth Sullivan 0-0: SINGLE (Line Drive, 4MD)
Marlon Hernández to third
Batting: RHB Remi Eruzione 0-0: Ball
1-0: Fly out, F7 (Flyball, 78D)
Runner from 3rd tags up, SCORES, no throw
Batting: LHB Juan Vásquez 0-0: Called Strike
Seth Sullivan is caught stealing 2nd base
0-1: Ball
1-1: Ball
2-1: Called Strike
2-2: Strikes out swinging
Top of the 7th over - 1 run(s), 2 hit(s), 0 error(s), 0 left on base; Wilmington 2 - Newark 12
BOTTOM OF THE 7TH
Newark Bulldogs batting - Pitching for Wilmington Rebels : RHP Ramón Alaniz
Batting: LHB Wes Thompson 0-0: Swinging Strike
0-1: Swinging Strike
0-2: Ball
1-2: Strikes out swinging
Batting: RHB Emílio Salas 0-0: Swinging Strike
0-1: Ball
1-1: Foul Ball, location: 2F
1-2: Strikes out swinging
Batting: RHB Norris Howard 0-0: Called Strike
0-1: Ground out 1-3 (Groundball, 13)
Bottom of the 7th over - 0 run(s), 0 hit(s), 0 error(s), 0 left on base; Wilmington 2 - Newark 12
TOP OF THE 8TH
Wilmington Rebels batting - Pitching for Newark Bulldogs : LHP Josh Wall
Now at 2B: Stan Simpson
Now at 3B: Juan Martínez
Batting: RHB Sergio Moreno 0-0: Ball
1-0: Foul Ball, location: 2F
1-1: Ball
2-1: Foul Ball, location: 2F
2-2: Strikes out swinging
Batting: LHB Miguel Medellín 0-0: Fly out, F7 (Flyball, 7)
Batting: LHB Pedro Medine 0-0: Ball
1-0: Ground out 1-3 (Groundball, P)
Top of the 8th over - 0 run(s), 0 hit(s), 0 error(s), 0 left on base; Wilmington 2 - Newark 12
BOTTOM OF THE 8TH
Newark Bulldogs batting - Pitching for Wilmington Rebels : RHP Ramón Alaniz
Batting: RHB Joe Baker 0-0: Foul Ball, location: 2F
0-1: Ball
1-1: Ball
2-1: Ball
3-1: Called Strike
3-2: Base on Balls
Batting: LHB Paco Córdova 0-0: Called Strike
0-1: Swinging Strike
0-2: 2-RUN HOME RUN (Flyball, 9D), Distance : 384 ft
Batting: RHB Wilson Flores 0-0: Called Strike
0-1: Ball
1-1: SINGLE (Line Drive, 6M)
Batting: RHB Perry Henry 0-0: Called Strike
0-1: Ball
1-1: Ball
2-1: Called Strike
2-2: Strikes out looking
Batting: LHB Marvin Morris 0-0: Called Strike
0-1: Ball
1-1: Foul Ball, location: 2F
1-2: Foul Ball, location: 2F
1-2: Foul Ball, location: 2F
1-2: Ball
2-2: Hit by Pitch
Wilson Flores to second
Pitching: RHP Shannon Wallace
Batting: RHB Juan Martínez 0-0: Ball
1-0: Foul Ball, location: 2F
1-1: Foul Ball, location: 2F
1-2: Ball
2-2: SINGLE (Groundball, 56S) (infield hit)
Wilson Flores to third
Marvin Morris to second
Pinch Hitting: LHB Owen Moreno 0-0: Called Strike
0-1: Foul Ball, location: 2F
0-2: Fly out, F7 (Flyball, 7)
Runner from 3rd tags up, SCORES, no throw
Batting: RHB Stan Simpson 0-0: Foul Ball, location: 2F
0-1: Ball
1-1: Foul Ball, location: 2F
1-2: Fielders Choice at 2nd, U6 (Groundball, 6M)
Bottom of the 8th over - 3 run(s), 3 hit(s), 0 error(s), 2 left on base; Wilmington 2 - Newark 15
TOP OF THE 9TH
Wilmington Rebels batting - Pitching for Newark Bulldogs : LHP Josh Wall
Now at SS: Larry Booth
Now in LF: Owen Moreno
Batting: RHB Anastasio Movonda 0-0: Called Strike
0-1: Swinging Strike
0-2: Ball
1-2: Ground out 5-3 (Groundball, 56)
Batting: RHB Alex Whitehead 0-0: Ball
1-0: Ball
2-0: Foul Ball, location: 2F
2-1: Called Strike
2-2: Ball
3-2: Strikes out swinging
Batting: RHB Marlon Hernández 0-0: Fly out, F7 (Flyball, 7LDF)
Top of the 9th over - 0 run(s), 0 hit(s), 0 error(s), 0 left on base; Wilmington 2 - Newark 15
Tuesday, August 8th, 2017 - OOTP Baseball 17.12 Build 75